 Dungeon Crawl Stone Soup version 0.19-a0-347-g6bb00b2 (webtiles) character file.

28 mistymad the Conjurer (level 2, -3/22 HPs)
             Began as a Draconian Conjurer on May 29, 2016.
             Was a Follower of Ashenzari.
             Slain by a worm (10 damage)
             ... on level 2 of the Dungeon.
             The game lasted 00:02:02 (986 turns).

mistymad the Conjurer (Draconian Conjurer)           Turns: 986, Time: 00:02:02

Health: -3/22      AC:  4    Str: 10    XL:     2   Next: 96%
Magic:  3/5        EV: 12    Int: 15    God:    Ashenzari [*.....]
Gold:   33         SH:  0    Dex: 11    Spells: 1 memorised, 4 levels left

rFire  . . .     SeeInvis .     (no weapon)
rCold  . . .     Gourm    .     (armour unavailable)
rNeg   . . .     Faith    .     (no shield)
rPois  .         Spirit   .     (helmet restricted)
rElec  .         Dismiss  .     (no cloak)
rCorr  .         Reflect  .     (no gloves)
SustAt .         Harm     .     (no boots)
MR     .....                    c - amulet of inaccuracy (curse)
Stlth  ++........               (no ring)
                                (no ring)

@: not resistant to hostile enchantments, unstealthy
A: unfitting armour, cold-blooded, AC +4
a: Curse Item, Scrying, Renounce Religion


You were on level 2 of the Dungeon.
You worshipped Ashenzari.
Ashenzari was aware of your devotion.
You were hungry.

You visited 1 branch of the dungeon, and saw 2 of its levels.

You collected 33 gold pieces.

Inventory:

Jewellery
 c - a cursed amulet of inaccuracy (around neck)
 d - an uncursed amulet of regeneration
Scrolls
 e - a scroll of identify {unknown}
 f - a scroll of amnesia {unknown}
 h - a scroll of magic mapping {unknown}
 i - a scroll of teleportation {unknown}
Potions
 g - a potion of might {unknown}
 j - a potion of brilliance {unknown}
 k - a potion of agility {unknown}
Books
 a - a book of Conjurations

   Spells                             Type                      Level
   a - Magic Dart                     Conjuration                  1
   b - Searing Ray                    Conjuration                  2
   c - Dazzling Spray                 Conjuration/Hexes            3
   d - Fulminant Prism                Conjuration/Hexes            4
   e - Iskenderun's Mystic Blast      Conjuration                  4
   f - Iskenderun's Battlesphere      Conjuration/Charms           5
Comestibles
 b - a bread ration


   Skills:
 + Level 0.9 Fighting
 + Level 2.1 Dodging
 + Level 2.1 Stealth
 + Level 2.2 Spellcasting
 + Level 4.2 Conjurations


You had 4 spell levels left.
You knew the following spells:

 Your Spells              Type           Power        Failure   Level  Hunger
a - Magic Dart            Conj           ##..         4%          1    #......


Dungeon Overview and Level Annotations

Branches:
Dungeon (2/15)

Altars:
Ashenzari


Innate Abilities, Weirdness & Mutations

Your plain brown scales are hard (AC +4).
Your body does not fit into most forms of armour.
You are cold-blooded and may be slowed by cold attacks.


Message History

The worm is severely wounded.
The worm bites you!
You take 7 damage, and have 15/22 hp.
MASSIVE DAMAGE!!
You hit the worm but do no damage.
The worm is severely wounded.
Your magical contamination has completely faded away.
You closely miss the worm.
The worm is severely wounded.
The worm barely misses you.
You closely miss the worm.
The worm is heavily wounded.
The worm bites you!
You take 8 damage, and have 7/22 hp.
MASSIVE DAMAGE!!
You hit the worm.
You tail-slap the worm, but do no damage.
The worm is severely wounded.
You barely miss the worm.
The worm is severely wounded.
The worm bites you!
You die...

##.....##.##.#.#
##.......#.##.#.#
#..........##....
+.................
#.....#...###..).##
##...#_#.## #.#.##
##...#..# #
##.....####.###
##+#..@w......
#.######.## #.# #.#
... ..# ...


You could see a worm.

Vanquished Creatures
  An adder (D:2)
  A ball python (D:1)
  2 bats (D:1)
  A giant cockroach (D:1)
  2 goblins (D:1)
  A hobgoblin (D:1)
  4 kobolds (D:1)
  A quokka (D:2)
  A giant newt (D:1)
  3 rats (D:1)
17 creatures vanquished.

Notes
Turn   | Place    | Note
--------------------------------------------------------------
     0 | D:1      | mistymad the Draconian Conjurer began the quest for the Orb.
     0 | D:1      | Reached XP level 1. HP: 14/14 MP: 3/3
   442 | D:1      | Reached XP level 2. HP: 22/22 MP: 1/5
   898 | D:2      | Found a faded altar to an unknown god.
   957 | D:2      | Became a worshipper of Ashenzari the Shackled
   957 | D:2      | Reached * piety under Ashenzari
   986 | D:2      | Slain by a worm

Vault maps used:
D:1:      sevenhm_arrival_forest_fort_small_4, hangedman_decor_riveting
D:2:      ecumenical_altar_1

Skill      XL: |  1  2 |
---------------+-------+-----
Dodging        | 2 |  2.1
Stealth        | 2 |  2.1
Fighting       | |  0.9
Spellcasting   | |  2.2
Conjurations   | |  4.2

Action                   || total
-------------------------++-------
Melee: Unarmed           ||    54
       Tailslap          ||     6
 Cast: Magic Dart        ||    34
Armor: Skin              ||     9
Dodge: Dodged            ||    31
